 Dungeon Crawl Stone Soup version 0.28-a0-845-gfc338a8e3c (webtiles) character file.

Game seed: 14787464305479666272

218 mainiacjoe the Stinger (level 5, 0/28 HPs)
             Began as a Deep Elf Venom Mage on Nov 12, 2021.
             Was a Follower of Kikubaaqudgha.
             Slain by an ice beast (6 damage)
             ... on level 5 of the Dungeon on Nov 13, 2021.
             The game lasted 00:13:01 (5012 turns).

mainiacjoe the Stinger (Deep Elf Venom Mage)        Turns: 5012, Time: 00:13:02

Health: 0/28       AC:  3    Str:  5    XL:     5   Next: 63%
Magic:  22/22      EV: 12    Int: 21    God:    Kikubaaqudgha [*.....]
Gold:   225        SH:  0    Dex: 15    Spells: 2/13 levels left

rFire   . . .      SeeInvis .   F - +0 longbow
rCold   . . .      Faith    +   (shield currently unavailable)
rNeg    . . .      Spirit   .   r - +0 robe
rPois   .          Reflect  .   w - +0 helmet
rElec   .          Harm     .   (no cloak)
rCorr   .          Rampage  .   (no gloves)
Will    .....                   (no boots)
Stlth   ++........              E - amulet of faith
HPRegen 0.09/turn               i - +4 ring of slaying
MPRegen 0.18/turn               z - ring of magical power

@: no status effects
A: no striking features
a: Renounce Religion, Receive Corpses


You were on level 5 of the Dungeon.
You worshipped Kikubaaqudgha.
Kikubaaqudgha was aware of your devotion.
You visited 1 branch of the dungeon, and saw 5 of its levels.

You collected 225 gold pieces.

Inventory:

Hand Weapons
 a - a +4 hand axe
 b - a +0 hunting sling
 c - a +0 mace
 q - a +0 trident
 v - a +0 dagger
 D - a +0 hand crossbow
 F - a +0 longbow (weapon)
Missiles
 d - 98 stones
 e - 9 boomerangs
 f - 23 sling bullets
 o - 7 arrows (quivered ammo)
 B - 4 javelins
 C - 16 bolts
Armour
 r - a +0 robe (worn)
 w - a +0 helmet (worn)
Jewellery
 h - a +6 ring of dexterity
 i - a +4 ring of slaying (left hand)
 z - a ring of magical power (right hand)
 E - an amulet of faith (around neck)
Scrolls
 j - 2 scrolls of fog {unknown}
 k - a scroll of amnesia {unknown}
 l - 2 scrolls of teleportation {unknown}
 m - a scroll of immolation {unknown}
 p - a scroll of blinking {unknown}
 s - a scroll of summoning {unknown}
 t - a scroll of magic mapping {unknown}
 u - a scroll of acquirement {unknown}
 y - a scroll of enchant weapon {unknown}
Potions
 g - 2 potions of haste
 n - a potion of attraction {unknown}
 x - a potion of degeneration {unknown}
 A - a potion of invisibility {unknown}


   Skills:
 - Level 2.4 Dodging
 - Level 2.4 Stealth
 + Level 4.5 Spellcasting
 + Level 1.9 Conjurations
 - Level 2.0 Transmutations
 + Level 1.7 Air Magic
 * Level 5.2 Poison Magic


You had 2 spell levels left.
You knew the following spells:

 Your Spells              Type           Power      Damage    Failure   Level
a - Sting                 Tmut/Pois      76%        1d6       2%          1
b - Poisonous Vapours     Pois/Air       38%        N/A       4%          2
c - Mephitic Cloud        Conj/Pois/Air  17%        N/A       10%         3
d - Pain                  Necr           16%        1d4       12%         1
e - Olgreb's Toxic Radia  Pois           26%        N/A       13%         4

Your spell library contained the following spells:

 Spells                   Type           Power      Damage    Failure   Level
 Corpse Rot               Necr/Air       16%        N/A       12%         2
 Sublimation of Blood     Necr           4%         N/A       17%         2
 Vampiric Draining        Necr           4%         2d6       34%         3


Dungeon Overview and Level Annotations

Branches:
Dungeon (5/15)
 Temple: D:4-7

Altars:
Cheibriados
Fedhas
Kikubaaqudgha
Nemelex Xobeh
Okawaru
Uskayaw
Xom
Yredelemnul


Message History

Aim: an ice beast (lightly wounded, 60% to hit)
You shoot an arrow. The arrow hits the ice beast!
The ice beast is heavily wounded.
The ice beast barely misses you.
The ice beast hits you but does no damage.
Fire: 12 arrows
Press: ? - help, Q - select action, (/) - cycle Shift-Dir - straight line, f/p - ice beast
Aim: an ice beast (heavily wounded, 60% to hit)
You shoot an arrow. The arrow hits the ice beast!
The ice beast is almost dead.
The ice beast barely misses you. x2
Fire: 11 arrows
Press: ? - help, Q - select action, (/) - cycle Shift-Dir - straight line, f/p - ice beast
Aim: an ice beast (almost dead, 60% to hit)
You shoot an arrow. The arrow barely misses the ice beast.
The ice beast barely misses you.
Unknown command.
Fire: 10 arrows
Press: ? - help, Q - select action, (/) - cycle Shift-Dir - straight line, f/p - ice beast
Aim: an ice beast (almost dead, 60% to hit)
You shoot an arrow. The arrow barely misses the ice beast.
The ice beast closely misses you. x2
Unknown command.
Fire: 9 arrows
Press: ? - help, Q - select action, (/) - cycle Shift-Dir - straight line, f/p - ice beast
Aim: an ice beast (almost dead, 60% to hit)
You shoot an arrow. The arrow barely misses the ice beast.
The ice beast hits you. The ice beast freezes you!
The ice beast barely misses you.
Fire: 8 arrows
Press: ? - help, Q - select action, (/) - cycle Shift-Dir - straight line, f/p - ice beast
Aim: an ice beast (almost dead, 60% to hit)
You shoot an arrow.
The arrow hits the ice beast but does no damage.
The ice beast is almost dead.
The ice beast hits you.
* * * LOW HITPOINT WARNING * * *
The ice beast freezes you.
You die...
Kikubaaqudgha rasps: "You have failed me!
Welcome... death!"

#......'........
#..^...#........
########.....##.
#.....##.....#
#.....'......#
########.....#
#......#.....+
#......'.....#
#.....@########
+......Y......#
#.......(.....#
#######.......#
#.......#
#.......#
###+###......
..... ....


You could see an ice beast.

Vanquished Creatures
  A scorpion (D:5)
  4 gnolls (D:4)
  6 adders
  A worm (D:2)
  4 orcs
  10 ball pythons
  3 endoplasms
  5 goblins
  8 hobgoblins
  8 jackals
  2 quokkas (D:1)
  A bat (D:1)
  2 frilled lizards
  7 kobolds
  4 rats
66 creatures vanquished.

Vanquished Creatures (others)
  2 plants (D:1)
  3 withered plants (D:1)
5 creatures vanquished.

Grand Total: 71 creatures vanquished

Notes
Turn   | Place    | Note
-------+----------+-------------------------------------------
     0 | D:1      | mainiacjoe the Deep Elf Venom Mage began the quest for the
                  | Orb.
     0 | D:1      | Reached XP level 1. HP: 10/10 MP: 6/6
    38 | D:1      | You fall into a shaft and drop 1 floor!
   254 | D:1      | Reached XP level 2. HP: 14/15 MP: 5/8
   257 | D:1      | Learned a level 2 spell: Poisonous Vapours
   298 | D:1      | Found a faded altar of an unknown god.
  1481 | D:2      | Reached skill level 4 in Poison Magic
  1486 | D:2      | Found an iron altar of Okawaru.
  1494 | D:2      | Reached XP level 3. HP: 19/19 MP: 2/10
  1992 | D:2      | Learned a level 3 spell: Mephitic Cloud
  2448 | D:3      | Found a sparkling altar of Nemelex Xobeh.
  2449 | D:3      | Found a hide-covered altar of Uskayaw.
  2451 | D:3      | Found an iron altar of Okawaru.
  2452 | D:3      | Found an ancient bone altar of Kikubaaqudgha.
  2453 | D:3      | Found a blossoming altar of Fedhas.
  2453 | D:3      | Found a shimmering altar of Xom.
  2453 | D:3      | Found a basalt altar of Yredelemnul.
  2454 | D:3      | Found a snail-covered altar of Cheibriados.
  2466 | D:3      | Became a worshipper of Kikubaaqudgha
  2662 | D:3      | Reached XP level 4. HP: 20/24 MP: 8/11
  2858 | D:3      | Reached skill level 1 in Conjurations
  3498 | D:4      | Reached skill level 1 in Air Magic
  3611 | D:4      | Reached * piety under Kikubaaqudgha
  3611 | D:4      | Received a gift from Kikubaaqudgha
  3874 | D:4      | Reached XP level 5. HP: 24/28 MP: 13/13
  4034 | D:4      | Learned a level 1 spell: Pain
  4039 | D:4      | Learned a level 4 spell: Olgreb's Toxic Radiance
  4282 | D:4      | Reached skill level 5 in Poison Magic
  4941 | D:5      | Entered Level 5 of the Dungeon
  4994 | D:5      | Noticed an ice beast
  5012 | D:5      | Slain by an ice beast

Illustrated notes

Levels and vault maps discovered:
D:1:      dpeg_arrival_snail, layout_rooms, shapermc_ecumenical_altar_flowoftime
D:2:      layout_loops_ring, basic_altar, patterned_corridor
D:3:      layout_basic, grunt_temple_overflow_open, minmay_misc_feat_rows,
          st_stairs_11, chequers_decorated_corner
D:4:      layout_layer_cave, kennysheep_boxes
D:5:      layout_gridville, chequers_temple_overflow_statue_of_worship,
          gammafunk_temple_overflow_statue, uniq_duvessa

Skill      XL: |  1  2  3  4  5 |
---------------+----------------+-----
Poison Magic   | 4 5 |  5.2
Transmutations | 2 |  2.0
Conjurations   | 1 |  1.9
Spellcasting   | 4 |  4.5
Air Magic      | 1 |  1.7
Dodging        | |  2.4
Stealth        | |  2.4

Action                   |  1- 3 |  4- 6 || total
-------------------------+-------+-------++-------
Melee: Mace              |    33 |       ||    33
       Hand axe          |     2 |     4 ||     6
       Trident           |     2 |       ||     2
 Fire: Hunting sling     |       |    54 ||    54
       Longbow           |       |     9 ||     9
Throw: Stone             |    17 |     9 ||    26
 Cast: Sting             |    30 |       ||    30
       Poisonous Vapours |    24 |    24 ||    48
       Mephitic Cloud    |       |     2 ||     2
       Pain              |       |     2 ||     2
  Use: Potion            |     1 |       ||     1
Armor: Robe              |     7 |     1 ||     8
Dodge: Dodged            |    31 |    19 ||    50

Table legend: (Time is in decaauts)
 A = Elapsed time spent in this place.
 B = Non-inter-level travel time spent in this place.
 C = Inter-level travel time spent in this place.
 D = Time resting spent in this place.
 E = Time spent auto-exploring this place.
 F = Levels seen in this place.
 G = Mean time per level.
                   A        B        C        D        E       F      G
               +--------+--------+--------+--------+--------+-----+--------+
         Total |   5024 |   4836 |    188 |    550 |   3580 |   5 | 1004.8 |
       Dungeon |   5024 |   4836 |    188 |    550 |   3580 |   5 | 1004.8 |
               +--------+--------+--------+--------+--------+-----+--------+

Top non-repeatable levels by time:
     D:4: 1537 daAuts
     D:1: 1349 daAuts
     D:3: 1179 daAuts
     D:2: 881 daAuts
     D:5: 75 daAuts
